 Dungeon Crawl Stone Soup version 0.31-a0-344-gd109795599 (webtiles) character file.

Game seed: 4470339392333819123

235 LustLizard the Ruffian (level 6, 0/41 HPs)
             Began as an Octopode Shapeshifter on July 21, 2023.
             Killed from afar by an orc wizard (7 damage)
             ... with a magic dart
             ... on level 4 of the Dungeon.
             The game lasted 00:06:17 (3994 turns).

LustLizard the Ruffian (Octopode Shapeshifter)      Turns: 3994, Time: 00:06:18

Health: 0/41       AC:  1    Str: 17    XL:     6   Next: 6%
Magic:  6/6        EV: 13    Int: 10    God:
Gold:   107        SH:  0    Dex: 12    Spells: 5/5 levels left

rFire   . .          .
                       - Unarmed
rCold   . . .        (no shield)
rNeg    . . .        (helmet currently unavailable)
rPois   .            (no amulet)
rElec   .            o - ring of wizardry
rCorr   .            (no ring)
SInv    .            (no ring)
Will    .....        (no ring)
Stlth   +++          (no ring)
HPRegen 0.26/turn    (no ring)
MPRegen 0.10/turn    (no ring)
                     (no ring)

%: wizardry (x1)
@: brilliant, beast-form
A: beast (slay +2), almost no armour, amphibious, 8 rings, camouflage 1,
gelatinous body 1, (nimble swimmer 1), tentacles
a: Begin Untransformation


You were on level 4 of the Dungeon.
You were a hulking beast.
You visited 1 branch of the dungeon, and saw 4 of its levels.

You collected 107 gold pieces.

Inventory:

Missiles
 n - 8 poisoned darts
Jewellery
 o - a ring of wizardry (left tentacle)
Talismans
 b - a beast talisman
Wands
 k - a wand of polymorph (8)
 q - a wand of roots (4)
Scrolls
 c - a scroll of identify
 e - a scroll of fear {unknown}
 f - a scroll of vulnerability {unknown}
 g - a scroll of teleportation
 h - a scroll of summoning {unknown}
 l - a scroll of fog {unknown}
 m - a scroll of noise {unknown}
 p - a scroll of torment {unknown}
 r - a scroll of poison {unknown}
Potions
 a - a potion of lignification
 d - a potion of might
 i - a potion of enlightenment


   Skills:
 + Level 2.6 Fighting
 - Level 2.0 Dodging
 + Level 3.4 Stealth
 * Level 4.7 Unarmed Combat
 + Level 3.6 Shapeshifting


You had 5 spell levels left.
You didn't know any spells.
Your spell library contained the following spells:

 Spells                   Type           Power      Damage    Failure   Level
 Summon Small Mammal      Summ           0%         N/A       16%         1
 Call Canine Familiar     Summ           0%         N/A       41%         3
 Portal Projectile        Hex/Tloc       0%         N/A       41%         3
 Summon Guardian Golem    Hex/Summ       0%         N/A       41%         3
 Tukima's Dance           Hex            0%         N/A       41%         3
 Iskenderun's Mystic Bla  Conj/Tloc      0%         2d3       80%         4
 Sticky Flame             Conj/Fire      0%         2d3       80%         4
 Ignition                 Fire           0%         3d3       100%        8


Dungeon Overview and Level Annotations

Branches:
Dungeon (4/15)
 Temple: D:4-7

Altars:

Shops:
D:3 [

Annotations:
D:4 exclusions: centaur and ogre


Innate Abilities, Weirdness & Mutations

You are a hulking beast.
Your limbs bulge with bestial killing power. (Slay +2)
You cannot wear most types of armour.
You are amphibious.
You can wear up to eight rings at the same time.
Your skin changes colour to match your surroundings (Stealth+).
Your rubbery body absorbs attacks. (AC +1, EV +1)
((You are camouflaged when in or above water. (Stealth+)))
You have tentacles for arms and can constrict up to eight enemies at once.


Message History

You tentacle-slap the orc. You grab the orc.
The orc is moderately wounded.
You constrict the orc.
The orc struggles to escape constriction.
You tentacle-slap the orc.
You kill the orc!
You bludgeon the orc!
You kill the orc!
You hear some strange, mumbled words.
A magic dart appears from out of thin air!
The magic dart hits you.
There is an open door, spattered with blood here.
Things that are here:
a +0 war axe; a +0 dagger; an orc corpse You closely miss something.
The orc priest shouts!
Something hits you.
The orc priest mumbles some strange prayers to Beogh against you.
Beogh smites you!
You miss something.
You hear some strange, mumbled words.
Something tries to affect you, but you resist.
The orc priest mumbles some strange prayers to Beogh against you.
Something writhes in agony!
You tentacle-slap something but do no damage.
Your tentacle-slap misses something.
Something hits you.
The orc priest invokes the aid of Beogh against you.
Beogh smites you!
* * * LOW HITPOINT WARNING * * *
Unknown command.
Something hits you.
* * * LOW HITPOINT WARNING * * *
You miss something. Something hits you.
* * * LOW HITPOINT WARNING * * *
It was a potion of brilliance.
You feel clever all of a sudden.
You hear some strange, mumbled words.
A magic dart appears from out of thin air!
The magic dart hits you!
You die...

#........ ####### .
#........ ##.....##..
#........ #..........
#†....... #........
#........
#.....o##+###........
#......#......#######
###{####......#
#..)h.........#
#.............#
#.............#
#.............#
#.............#
#.............#
#.............####+##
#....................
#....................


There were no monsters in sight!

Vanquished Creatures
  An orc priest (D:4)
  Jessica (D:3)
  An orc wizard (D:3)
  4 gnolls (D:2)
  4 adders
  A worm (D:2)
  4 dart slugs
  5 orcs
  3 bats
  5 endoplasms
  3 giant cockroaches
  4 goblins
  8 hobgoblins
  3 quokkas
  8 ball pythons
  4 frilled lizards
  6 kobolds
  4 rats
69 creatures vanquished.

Notes
Turn   | Place    | Note
-------+----------+-------------------------------------------
     0 | D:1      | LustLizard the Octopode Shapeshifter began the quest for
                  | the Orb.
     0 | D:1      | Reached XP level 1. HP: 13/13 MP: 1/1
   168 | D:1      | Found a faded altar of an unknown god.
   196 | D:1      | Reached XP level 2. HP: 18/18 MP: 2/2
   311 | D:1      | Reached skill level 1 in Stealth
   966 | D:2      | Reached XP level 3. HP: 23/23 MP: 3/3
  1477 | D:2      | Reached XP level 4. HP: 21/29 MP: 4/4
  2219 | D:2      | Reached skill level 4 in Unarmed Combat
  2627 | D:3      | Reached XP level 5. HP: 7/34 MP: 5/5
  2742 | D:3      | Noticed Jessica
  2746 | D:3      | Killed Jessica
  2813 | D:3      | Found Vaidikh's Antique Armour Shoppe.
  3564 | D:4      | Got the Precepts of Combustion
  3643 | D:4      | Noticed a centaur
  3760 | D:4      | Noticed an ogre
  3985 | D:4      | Reached XP level 6. HP: 37/41 MP: 6/6
  3994 | D:4      | Killed from afar by an orc wizard

Illustrated notes

Levels and vault maps discovered:
D:1:      lordsloth_arrival_two_stooges, layout_basic,
          ebering_ecumenical_altar_petrified
D:2:      layout_loops_corners, serial_forest, infiniplex_forest_zigzag_1,
          infiniplex_forest_join, infiniplex_forest_corner_2,
          infiniplex_forest_corner_2, infiniplex_forest_clump_medium,
          infiniplex_forest_diagonal, infiniplex_forest_straight_4
D:3:      layout_basic, serial_shops, nicolae_shop_statue_plus,
          amcnicky_mini_corridor_feature, uniq_jessica
D:4:      layout_gridville

Skill      XL: |  1  2  3  4  5 |
---------------+----------------+-----
Stealth        | 1 2 3 |  3.4
Fighting       | 2 |  2.6
Unarmed Combat | 4 |  4.7
Dodging        | |  2.0
Shapeshifting  | |  3.6

Action                     |  1- 3 |  4- 6 || total
---------------------------+-------+-------++-------
  Melee: Unarmed           |    51 |   220 ||   271
         Tentacles         |    13 |    67 ||    80
         Constrict         |    13 |    26 ||    39
         Punch             |     2 |    10 ||    12
    Use: Scroll            |       |     5 ||     5
         Potion            |       |     1 ||     1
   Stab: Sleeping          |     1 |     2 ||     3
 Armour: Skin              |       |     1 ||     1
  Dodge: Dodged            |    17 |    44 ||    61

Table legend: (Time is in decaauts)
 A = Elapsed time spent in this place.
 B = Non-inter-level travel time spent in this place.
 C = Inter-level travel time spent in this place.
 D = Time resting spent in this place.
 E = Time spent auto-exploring this place.
 F = Levels seen in this place.
 G = Mean time per level.
                   A        B        C        D        E       F      G
               +--------+--------+--------+--------+--------+-----+--------+
         Total |   3978 |   3853 |    125 |    148 |   2577 |   4 |  994.5 |
       Dungeon |   3978 |   3853 |    125 |    148 |   2577 |   4 |  994.5 |
               +--------+--------+--------+--------+--------+-----+--------+

Top non-repeatable levels by time:
     D:2: 1551 daAuts
     D:3: 987 daAuts
     D:1: 953 daAuts
     D:4: 486 daAuts
